 Dungeon Crawl Stone Soup version 0.30.1-3-gfc49f6343a (webtiles) character file.

Game seed: 7781849756503406351

36 Eitelfritz the Firebug (level 3, 0/26 HPs)
             Began as a Draconian Fire Elementalist on July 28, 2023.
             Slain by Sigmund
             ... wielding a +0 scythe
              (5 damage)
             ... on level 2 of the Dungeon.
             The game lasted 00:06:36 (2036 turns).

Eitelfritz the Firebug (DrFE)                       Turns: 2036, Time: 00:06:37

Health: 0/26       AC:  6    Str: 10    XL:     3   Next: 19%
Magic:  1/6        EV: 12    Int: 17    God:
Gold:   50         SH:  0    Dex: 11    Spells: 1/7 levels left

rFire   . . .        a - +0 whip
rCold   . . .        (no shield)
rNeg    . . .        (body armour unavailable)
rPois   .            (helmet restricted)
rElec   .            (no cloak)
rCorr   .            (no gloves)
SInv    .            p - +0 pair of boots
Will    .....        (no amulet)
Stlth   ++           (no ring)
HPRegen 0.24/turn    (no ring)
MPRegen 0.10/turn

%: no passive effects
@: no status effects
A: AC +5, unfitting armour, cold-blooded
a: no special abilities


You were on level 2 of the Dungeon.
You visited 1 branch of the dungeon, and saw 2 of its levels.

You collected 50 gold pieces.

Inventory:

Hand Weapons
 a - a +0 whip (weapon)
 b - a +0 sling
Armour
 p - a +0 pair of boots (worn)
Scrolls
 g - a scroll of fear {unknown}
 j - a scroll of enchant weapon {unknown}
 k - a scroll of teleportation {unknown}
 l - a scroll of blinking {unknown}
 n - a scroll of enchant armour {unknown}
 q - a scroll of amnesia {unknown}
Potions
 c - a potion of resistance {unknown}
 d - a potion of heal wounds {unknown}
 e - a potion of mutation {unknown}
 f - a potion of cancellation {unknown}
 h - a potion of magic
 i - 2 potions of curing {unknown}
 m - 2 potions of attraction {unknown}
 o - a potion of haste {unknown}


   Skills:
 + Level 2.2 Dodging
 + Level 1.8 Stealth
 + Level 2.6 Spellcasting
 + Level 1.0 Conjurations
 + Level 3.4 Fire Magic


You had one spell level left.
You knew the following spells:

 Your Spells              Type           Power      Damage    Failure   Level
a - Foxfire               Conj/Fire      36%        2x1d5     8%          1
b - Scorch                Fire           26%        2d6       7%          2
c - Volatile Blastmotes   Fire/Tloc      16%        2d11      26%         3

Your spell library contained the following spells:

 Spells                   Type           Power      Damage    Failure   Level
 Inner Flame              Hex/Fire       8%         N/A       26%         3
 Flame Wave               Conj/Fire      9%         2d6       58%         4


Dungeon Overview and Level Annotations

Branches:
Dungeon (2/15)

Altars:

Annotations:
D:2 Sigmund


Innate Abilities, Weirdness & Mutations

Your plain brown scales are hard. (AC +5)
You cannot fit into any form of body armour.
You are cold-blooded and may be slowed by cold attacks.


Message History

Sigmund's fire resistance burns away.
Sigmund points at you and mumbles some strange words.
The magic dart hits you!
Casting: Scorch (safe; 7% risk of failure)
Confirm with . or Enter, or press ? or * to list all spells.
You conjure some foxfire!
Sigmund points at you and mumbles some strange words.
The puff of flame hits you.
The foxfire hits Sigmund but does no damage.
Sigmund is moderately wounded.
The foxfire hits Sigmund.
Sigmund is burned terribly!
Sigmund is moderately wounded.
Casting: Foxfire (safe; 8% risk of failure)
Confirm with . or Enter, or press ? or * to list all spells.
You conjure some foxfire!
Sigmund is no longer more vulnerable to fire.
Sigmund closely misses you.
The foxfire hits Sigmund but does no damage.
Sigmund is moderately wounded.
The foxfire hits Sigmund.
Sigmund is moderately wounded.
Sigmund says, "Don't worry, I'll kill you fast."
Sigmund casts a spell.
Sigmund flickers and vanishes!
Deactivating autopickup; reactivate with Ctrl-A.
You closely miss something. Something hits you.
You miss something. You hit something but do no damage.
You hear some strange, mumbled words.
Something tries to affect you, but you resist.
You barely miss something. Something hits you.
You miss something.
Your tail-slap misses something.
Something hits you.
* * * LOW HITPOINT WARNING * * *
You barely miss something.
You hear some strange, mumbled words.
A magic dart appears from out of thin air!
The magic dart hits you.
* * * LOW HITPOINT WARNING * * *
You closely miss something. Something hits you.
You die...

....#.##.#########.#..#....#
#.#............#.#....#....#
......##.#####.#....#.#....#
#.##........##.#.#.##.#....#
#.##...#.........#.##.#....# #..
..##......#.##.#...##.#....# #..
.....#.##.#.##.#......#....# #..
.#####.##[#.#..........)...# #..
..........#.#...@{....##.÷.# #..
######.####.#.........##...####..
#.# #.##.............+.....
#.####+##.....##.##...###...
#.......'.†)...............†
#####.......#.....###########.##
#...........#.....#.....###.#.#
##.####......#....>#.........#.##
.....##......#.....#####.###.#...


There were no monsters in sight!

Vanquished Creatures
  A dart slug (D:1)
  5 ball pythons
  2 endoplasms (D:1)
  A goblin (D:1)
  3 hobgoblins
  4 jackals (D:1)
  A kobold (D:1)
  A quokka (D:1)
  8 bats
  A frilled lizard (D:1)
  3 rats
30 creatures vanquished.

Vanquished Creatures (others)
  54 foxfires
54 creatures vanquished.

Grand Total: 84 creatures vanquished

Notes
Turn   | Place    | Note
-------+----------+-------------------------------------------
     0 | D:1      | Eitelfritz the Draconian Fire Elementalist began the quest
                  | for the Orb.
     0 | D:1      | Reached XP level 1. HP: 14/14 MP: 3/3
   180 | D:1      | Reached XP level 2. HP: 8/20 MP: 3/5
   207 | D:1      | Learned a level 2 spell: Scorch
   954 | D:1      | Reached XP level 3. HP: 26/26 MP: 4/6
  1893 | D:2      | Noticed Sigmund
  2013 | D:2      | Learned a level 3 spell: Volatile Blastmotes
  2036 | D:2      | Slain by Sigmund

Illustrated notes

Levels and vault maps discovered:
D:1:      dpeg_arrival_leaves_temple_mockup, layout_basic,
          minmay_misc_feat_more_columns, hangedman_decor_points,
          corexii_leaking_fountain, nicolae_figureground_pulse
D:2:      layout_basic, uniq_sigmund

Skill      XL: |  1  2 |
---------------+-------+-----
Dodging        | 2 |  2.2
Stealth        | |  1.8
Spellcasting   | |  2.6
Conjurations   | |  1.0
Fire Magic     | |  3.4

Action                     || total
---------------------------++-------
  Melee: Unarmed           ||    31
         Whip              ||    34
         Tailslap          ||     8
   Cast: Foxfire           ||    32
         Scorch            ||     3
   Stab: Sleeping          ||     3
 Armour: Skin              ||    55
  Dodge: Dodged            ||   107
